 Dungeon Crawl Stone Soup version 0.29-a0-598-gd8304a5bf4 (webtiles) character file.

Game seed: 5157849530343528353

5766 nrs142 the Carver (level 10, -1/91 HPs)
             Began as a Minotaur Monk on June 15, 2022.
             Was the Champion of Nemelex Xobeh.
             Slain by a komodo dragon (11 damage)
             ... on level 10 of the Dungeon.
             The game lasted 00:29:25 (11651 turns).

nrs142 the Carver (Minotaur Monk)                  Turns: 11651, Time: 00:29:26

Health: -1/91      AC: 14    Str: 19    XL:     10   Next: 49%
Magic:  9/9        EV: 16    Int:  9    God:    Nemelex Xobeh [******]
Gold:   524        SH:  0    Dex: 14    Spells: 9/9 levels left

rFire   . . .      SeeInvis .   B - +1 great sword (vorpal)
rCold   + . .      Faith    .   (shield currently unavailable)
rNeg    . . .      Spirit   .   x - +1 steam dragon scales
rPois   +          Reflect  .   (helmet restricted)
rElec   .          Harm     .   w - +0 cloak
rCorr   .          Rampage  .   b - +1 pair of gloves of Sut Iru {rPois rC+ Int+2}
Will    .....                   v - +2 pair of boots
Stlth   +++.......              (no amulet)
HPRegen 0.25/turn               (no ring)
MPRegen 0.11/turn               (no ring)

@: no status effects
A: horns 2, retaliatory headbutt
a: Renounce Religion, Draw Escape, Draw Destruction, Draw Summoning, Triple
Draw, Deal Four, Stack Five


You were on level 10 of the Dungeon.
You worshipped Nemelex Xobeh.
Nemelex Xobeh was exalted by your worship.
You visited 1 branch of the dungeon, and saw 11 of its levels.

You collected 742 gold pieces.
You spent 218 gold pieces at shops.

Inventory:

Hand Weapons
 a - a +1 vampiric falchion
 B - a +1 vorpal great sword (weapon)
Armour
 b - the +1 pair of gloves of Sut Iru (worn) {rPois rC+ Int+2}
   (You acquired it on level 5 of the Dungeon)

   Int:       It affects your intelligence (+2).
   rC:        It protects you from cold.
   rPois:     It protects you from poison.
 i - a +1 scale mail
 v - a +2 pair of boots (worn)
 w - a +0 cloak (worn)
 x - +1 steam dragon scales (worn)
Wands
 t - a wand of iceblast (10)
 y - a wand of digging (4)
Scrolls
 f - a scroll of amnesia
 g - a scroll of fear
 m - 8 scrolls of identify
 q - 6 scrolls of teleportation
 u - 2 scrolls of fog
Potions
 c - 3 potions of ambrosia
 e - 3 potions of lignification
 h - 5 potions of haste
 l - 2 potions of attraction
 p - a potion of berserk rage
 r - 2 potions of mutation
 s - 6 potions of might
 z - a potion of cancellation
 A - a potion of magic


   Skills:
 + Level 9.4 Fighting
 + Level 9.4 Long Blades
 + Level 7.8 Armour
 + Level 8.6 Dodging
 + Level 6.7 Stealth


You had 9 spell levels left.
You didn't know any spells.
Your spell library contained the following spells:

 Spells                   Type           Power      Damage    Failure   Level
 Apportation              Tloc           0%         N/A       38%         1
 Necrotize                Necr           0%         1d4       38%         1
 Sandblast                Erth           0%         2d4       38%         1
 Summon Small Mammal      Summ           0%         N/A       38%         1
 Passwall                 Tmut/Erth      0%         N/A       52%         2
 Conjure Flame            Conj/Fire      0%         6-21      77%         3
 Ignite Poison            Fire/Tmut/Pois 0%         N/A       77%         3
 Mephitic Cloud           Conj/Pois/Air  0%         N/A       77%         3
 Stone Arrow              Conj/Erth      0%         3d7       77%         3
 Sticky Flame             Conj/Fire      0%         2d3       99%         4
 Freezing Cloud           Conj/Ice/Air   0%         6-21      100%        5


Dungeon Overview and Level Annotations

Branches:
Dungeon (11/15)            Temple (0/1) D:6             Orc (0/2) D:9
   Lair: D:8-11

Altars:
Kikubaaqudgha
Nemelex Xobeh
Okawaru

Shops:
D:2 !(=

Annotations:
D:10 exclusion: door


Innate Abilities, Weirdness & Mutations

You have a pair of horns on your head.
You reflexively headbutt those who attack you in melee.


Message History

Press: ? - help, v - describe, . - travel A closed door.
Placed new exclusion.
Reduced exclusion size to a single square.
Found a stone staircase leading up.
A komodo dragon comes into view.
The helpless komodo dragon fails to defend itself.
You hit the komodo dragon but do no damage.
You headbutt the komodo dragon.
The komodo dragon is lightly wounded.
The komodo dragon bites you!! The komodo dragon barely misses you.
You hit the komodo dragon.
You headbutt the komodo dragon, but do no damage.
The komodo dragon is lightly wounded.
The komodo dragon closely misses you.
You closely miss the komodo dragon.
The komodo dragon is lightly wounded.
The komodo dragon bites you!
You slash the komodo dragon! You headbutt the komodo dragon!
The komodo dragon is severely wounded.
The komodo dragon barely misses you. You furiously retaliate!
You headbutt the komodo dragon. You closely miss the komodo dragon.
You headbutt the komodo dragon, but do no damage.
The komodo dragon is severely wounded.
The komodo dragon bites you!
You hit the komodo dragon but do no damage.
You headbutt the komodo dragon, but do no damage.
The komodo dragon is severely wounded.
The komodo dragon bites you!!
* * * LOW HITPOINT WARNING * * *
The komodo dragon bites you!
* * * LOW HITPOINT WARNING * * *
You feel better. The komodo dragon bites you!
* * * LOW HITPOINT WARNING * * *
You hit the komodo dragon.
The komodo dragon is almost dead.
The komodo dragon bites you!
You die...
Your body glows with a rainbow of weird colours and disappears.

.... ...# #..# #..#
###############..#
.................#######
.................l......
................@.......
.......#################
.......#
.......#########
................
.....<..........
.........
................
.........
................
.........
................
.........


You could see a komodo dragon.

Vanquished Creatures
  Pikel (D:4)
  Grinder (D:3)
  A hornet (D:8)
  A shadow (D:9)
  Sigmund (D:5)
  3 yaks (D:9)
  A vampire (D:10)
  2 steam dragons (D:8)
  Edmund (D:4)
  A water moccasin (D:5)
  2 black bears
  2 orc warriors
  A sky beast (D:8)
  2 ice beasts
  An ogre (D:7)
  4 centaurs
  3 kobold brigands
  A lemure (D:4)
  A necrophage (D:8)
  6 bullfrogs
  5 scorpions
  8 killer bees
  A howler monkey (D:9)
  4 hounds
  4 jellies
  3 orc priests
  Crazy Yiuf (D:3)
  A gnoll shaman (D:8)
  Ijyb (D:3)
  Natasha (thrice) (D:2)
  5 iguanas
  7 orc wizards
  Robin (D:2)
  A gnoll (D:1)
  12 adders
  4 worms
  15 dart slugs
  26 orcs
  5 endoplasms
  5 giant cockroaches
  14 goblins
  14 hobgoblins
  3 jackals
  21 kobolds
  7 quokkas
  10 ball pythons
  2 bats
  10 frilled lizards
  7 rats
236 creatures vanquished.

Vanquished Creatures (collateral kills)
  Blork the orc (D:4)
1 creature vanquished.

Vanquished Creatures (others)
  2 plants (D:1)
2 creatures vanquished.

Grand Total: 239 creatures vanquished

Notes
Turn   | Place    | Note
-------+----------+-------------------------------------------
     0 | D:1      | nrs142 the Minotaur Monk began the quest for the Orb.
     0 | D:1      | Reached XP level 1. HP: 19/19 MP: 0/0
   260 | D:1      | Reached XP level 2. HP: 26/27 MP: 1/1
   505 | D:1      | Found a faded altar of an unknown god.
   521 | D:1      | Prayed at the altar of an unknown god.
   521 | D:1      | Became a worshipper of Nemelex Xobeh the Trickster
   521 | D:1      | Reached * piety under Nemelex Xobeh
   521 | D:1      | Received a gift from Nemelex Xobeh
   521 | D:1      | Reached ** piety under Nemelex Xobeh
   521 | D:1      | Received a gift from Nemelex Xobeh
   548 | D:1      | Received a gift from Nemelex Xobeh
   756 | D:1      | Reached XP level 3. HP: 25/33 MP: 2/2
   937 | D:2      | Found Bueckuan's Weapon Shoppe.
  1000 | D:2      | Reached *** piety under Nemelex Xobeh
  1004 | D:2      | Noticed Robin
  1009 | D:2      | Killed Robin
  1350 | D:2      | Found Xuch's Distillery.
  1362 | D:2      | Bought a potion of heal wounds for 55 gold pieces
  1471 | D:2      | Reached XP level 4. HP: 38/41 MP: 3/3
  1491 | D:2      | Found an ancient bone altar of Kikubaaqudgha.
  1499 | D:2      | Noticed Natasha
  1505 | D:2      | Found Hacivaisch's Jewellery Shop.
  1508 | D:2      | Killed Natasha
  2008 | D:2      | Noticed Natasha
  2010 | D:2      | Received a gift from Nemelex Xobeh
  2010 | D:2      | Killed Natasha
  2011 | D:2      | Reached XP level 5. HP: 45/47 MP: 4/4
  2110 | D:2      | Noticed Natasha
  2119 | D:2      | Killed Natasha
  2595 | D:3      | Found the +7 staff of the Meek {protect, meekguard}
  2724 | D:3      | Noticed Grinder
  2733 | D:3      | Killed Grinder
  2734 | D:3      | Reached skill level 5 in Fighting
  2734 | D:3      | Reached skill level 5 in Long Blades
  2734 | D:3      | Reached skill level 1 in Armour
  2734 | D:3      | Reached XP level 6. HP: 32/56 MP: 5/5
  3116 | D:3      | Noticed Ijyb
  3118 | D:3      | Killed Ijyb
  3412 | D:3      | Found a runed translucent door.
  3413 | D:3      | Noticed Crazy Yiuf
  3427 | D:3      | Killed Crazy Yiuf
  3428 | D:3      | Reached skill level 5 in Dodging
  3921 | D:4      | Reached **** piety under Nemelex Xobeh
  3969 | D:4      | Received a gift from Nemelex Xobeh
  3985 | D:4      | Reached XP level 7. HP: 61/61 MP: 6/6
  4367 | D:4      | Noticed Blork the orc
  4374 | D:4      | Killed Blork the orc
  4824 | D:4      | Noticed Edmund
  4851 | D:4      | Killed Edmund
  5089 | D:4      | Noticed Pikel
  5102 | D:4      | Killed Pikel
  5103 | D:4      | Reached XP level 8. HP: 46/71 MP: 7/7
  5393 | D:5      | Entered Level 5 of the Dungeon
  5440 | D:5      | Identified a scroll of acquirement
  5440 | D:5      | Acquired the +1 pair of gloves of Sut Iru {rPois rC+ Int+2}
  5456 | D:5      | Noticed Sigmund
  5462 | D:5      | Killed Sigmund
  5504 | D:5      | Received a gift from Nemelex Xobeh
  5531 | D:5      | Reached skill level 5 in Armour
  5554 | D:5      | Reached skill level 5 in Stealth
  6009 | D:6      | Reached ***** piety under Nemelex Xobeh
  6040 | D:6      | Reached XP level 9. HP: 76/79 MP: 8/8
  6608 | D:6      | Received a gift from Nemelex Xobeh
  6609 | D:6      | Found a staircase to the Ecumenical Temple.
  7242 | D:7      | Received a gift from Nemelex Xobeh
  8276 | D:8      | Received a gift from Nemelex Xobeh
  8508 | D:8      | Reached XP level 10. HP: 90/90 MP: 9/9
  8910 | D:8      | Received a gift from Nemelex Xobeh
  9466 | D:9      | Reached ****** piety under Nemelex Xobeh
  9522 | D:9      | Found a staircase to the Orcish Mines.
  9883 | D:9      | Found an iron altar of Okawaru.
 10048 | D:9      | Received a gift from Nemelex Xobeh
 10543 | D:2      | Bought a +0 vorpal great sword for 163 gold pieces
 10704 | D:10     | Entered Level 10 of the Dungeon
 10760 | D:10     | Received a gift from Nemelex Xobeh
 10928 | D:10     | HP: 4/91 [something (3)]
 11617 | D:10     | Noticed a vault guard
 11651 | D:10     | Slain by a komodo dragon

Illustrated notes

Levels and vault maps discovered:
D:1:      dpeg_arrival_pits, layout_rooms, shapermc_ecumenical_altar_hornbeckon,
          minmay_pentomino_s4
D:2:      layout_loops_ring, serial_shops, shop, nicolae_shop_behind_doors,
          nicolae_square_shop, basic_altar, minmay_indecisive_spiral,
          uniq_robin, uniq_natasha
D:3:      layout_loops_ring, minivault_24, serial_park_tiny_pond,
          minmay_pentangle, uniq_crazy_yiuf_cottage, uniq_grinder, uniq_ijyb
D:4:      kennysheep_slugbush, layout_gridville, hangedman_decor_peaks_small,
          minmay_misc_feat_cross, uniq_pikel, uniq_edmund, uniq_blork_the_orc
D:5:      layout_cave_pools, uniq_sigmund
D:6:      layout_basic, minmay_temple_entry_water_ring, dk_rats_in_the_wall
D:7:      layout_rooms, hex_tiny
D:8:      layout_basic, enter_ossuary_3, minmay_fractal_squares_diagonal_5
D:9:      layout_loops_ring, mainiacjoe_overflow_six_doors_small,
          hiddenorc1_lemuel
D:10:     layout_long_grid, enter_trove_5, uniq_lodul
D:11:     layout_stronghold, erik_lair_island, uniq_sonja, uniq_grum

Skill      XL: |  1  2  3  4  5  6  7  8  9 10 |
---------------+-------------------------------+-----
Fighting       | 4 5 6 7 8 9 |  9.4
Long Blades    | 4 5 6 7 8 9 |  9.4
Stealth        | 2 3 4 5 6 |  6.7
Dodging        | 4 5 6 7 8 |  8.6
Armour         | 1 2 4 5 6 7 |  7.8

Action                   |  1- 3 |  4- 6 |  7- 9 | 10-12 || total
-------------------------+-------+-------+-------+-------++-------
Melee: Falchion          |    72 |   128 |   407 |   146 ||   753
       Headbutt          |    15 |    24 |    79 |    38 ||   156
       Punch             |       |     1 |       |     3 ||     4
       Great sword       |       |       |       |    62 ||    62
Invok: Draw Destruction  |     3 |    10 |     8 |     4 ||    25
       Draw Summoning    |       |       |     2 |       ||     2
       Draw Escape       |       |       |       |     2 ||     2
  Use: Potion            |     5 |       |     4 |    13 ||    22
       Scroll            |       |       |    20 |     4 ||    24
 Stab: Sleeping          |     2 |       |     2 |     3 ||     7
Armor: Robe              |     9 |     2 |       |       ||    11
       Skin              |    10 |       |       |       ||    10
       Scale mail        |       |    22 |   254 |    81 ||   357
       Steam dragon scal |       |       |       |    75 ||    75
Dodge: Dodged            |    38 |    71 |   309 |   181 ||   599

Table legend: (Time is in decaauts)
 A = Elapsed time spent in this place.
 B = Non-inter-level travel time spent in this place.
 C = Inter-level travel time spent in this place.
 D = Time resting spent in this place.
 E = Time spent auto-exploring this place.
 F = Levels seen in this place.
 G = Mean time per level.
                   A        B        C        D        E       F      G
               +--------+--------+--------+--------+--------+-----+--------+
         Total |  11710 |  11013 |    697 |   1850 |   7237 |  11 | 1064.5 |
       Dungeon |  11710 |  11013 |    697 |   1850 |   7237 |  11 | 1064.5 |
               +--------+--------+--------+--------+--------+-----+--------+

Top non-repeatable levels by time:
     D:8: 1712 daAuts
     D:4: 1627 daAuts
     D:3: 1599 daAuts
     D:2: 1496 daAuts
     D:6: 1172 daAuts
     D:9: 975 daAuts
     D:1: 949 daAuts
    D:10: 656 daAuts
     D:7: 636 daAuts
     D:5: 580 daAuts
    D:11: 304 daAuts
